 Dungeon Crawl Stone Soup version 0.22.0-49-gab54619674 (webtiles) character file.

205 Morbidden the Ruffian (level 5, 0/40 HPs)
             Began as a Draconian Transmuter on Sept 4, 2018.
             Slain by an orc warrior
             ... wielding a +0 halberd
              (11 damage)
             ... on level 3 of the Dungeon.
             The game lasted 00:06:56 (2713 turns).

Morbidden the Ruffian (Draconian Transmuter)        Turns: 2713, Time: 00:06:56

Health: 0/40       AC:  6    Str: 13    XL:     5   Next: 52%
Magic:  7/8        EV: 12    Int: 19    God:
Gold:   95         SH:  0    Dex: 11    Spells: 7/8 levels left

rFire    . . .     SeeInvis +     - Unarmed
rCold    . . .     Gourm    .   (no shield)
rNeg     . . .     Faith    .   (armour unavailable)
rPois    .         Spirit   .   (helmet restricted)
rElec    .         Reflect  .   (no cloak)
rCorr    .         Harm     .   (no gloves)
MR       .....                  i - +0 pair of boots
Stlth    +.........             (no amulet)
HPRegen  0.13/turn              g - ring of see invisible
MPRegen  0.11/turn              m - ring of flight

@: brilliant, appendage, flying
A: unfitting armour, horns 2, cold-blooded, AC +5
a: End Transformation


You were on level 3 of the Dungeon.
You were not hungry.
You had grown temporary horns.
You visited 1 branch of the dungeon, and saw 3 of its levels.

You collected 95 gold pieces.

Inventory:

Missiles
 a - 45 arrows
 n - 5 tomahawks (quivered)
Armour
 i - a +0 pair of boots (worn)
Jewellery
 g - a ring of see invisible (left hand)
 m - a ring of flight (right hand)
Wands
 o - a wand of paralysis (19)
Scrolls
 b - a scroll of random uselessness {unknown}
 d - a scroll of immolation
 e - 2 scrolls of remove curse
 f - a scroll of enchant weapon {unknown}
 h - 3 scrolls of teleportation {unknown}
 j - 2 scrolls of amnesia {unknown}
Comestibles
 c - 3 rations


   Skills:
 + Level 1.2 Fighting
 + Level 2.1 Dodging
 * Level 6.1 Unarmed Combat
 + Level 2.0 Spellcasting
 * Level 2.0 Transmutations


You had 7 spell levels left.
You knew the following spells:

 Your Spells              Type           Power        Failure   Level  Hunger
a - Beastly Appendage     Tmut           ###...       1%          1    #......

Your spell library contained the following spells:

 Spells                   Type           Power        Failure   Level  Hunger
 Sticks to Snakes         Tmut           ###.....     1%          2    ###....
 Spider Form              Tmut/Pois      ###.......   4%          3    ###....
 Ice Form                 Ice/Tmut       ###.....     12%         4    #####..
 Blade Hands              Tmut           ###.......   21%         5    ######.


Dungeon Overview and Level Annotations

Branches:
Dungeon (3/15)

Altars:


Innate Abilities, Weirdness & Mutations

Your plain brown scales are hard. (AC +5)
You cannot fit into any form of body armour.
You are cold-blooded and may be slowed by cold attacks.
You have a pair of horns on your head.


Message History

The orc warrior hits you from afar with a halberd!
Casting: Beastly Appendage (safe; 11% risk of failure)
Confirm with . or Enter, or press ? or * to list all spells.
You grow a pair of large bovine horns.
The orc warrior closely misses you. The orc warrior misses you.
You completely miss the orc warrior.
You hit the orc warrior but do no damage.
The orc warrior hits you with a halberd!!
Ouch! That really hurt!
* * * LOW HITPOINT WARNING * * *
It was a potion of flight.
You feel very buoyant.
You fly up into the air.
The orc warrior barely misses you.
It was a potion of brilliance.
You feel clever all of a sudden. The orc warrior closely misses you.
You hit the orc warrior but do no damage.
Your headbutt misses the orc warrior.
The orc warrior hits you with a halberd!
You die...

#...# ##... #...# #.##
#...# #.# #...#### #.##
#..)...# #... ###
##...##.### #.#. ... . #
#.........# #... ###
#...#o###.##.#..#.# ###.
#....so@...#.#..#.# ##
....#o###.......#.######
# # #........#.#...#
##.#..#..[...#.#
#.............#
###.####.....##
###.####.....#
#.....##.....#
#.....####.###


You could see an orc warrior, an orc priest, an orc and a giant cockroach.

Vanquished Creatures
  A howler monkey (D:2)
  Natasha (thrice) (D:2)
  An adder (D:2)
  2 oozes (D:2)
  3 dart slugs
  4 leopard geckos
  5 orcs
  5 giant cockroaches
  8 goblins
  9 hobgoblins
  4 kobolds
  A quokka (D:2)
  A ball python (D:1)
  6 bats
  4 frilled lizards
  6 rats
63 creatures vanquished.

Notes
Turn   | Place    | Note
-------+----------+-------------------------------------------
     0 | D:1      | Morbidden the Draconian Transmuter began the quest for the
                  | Orb.
     0 | D:1      | Reached XP level 1. HP: 16/16 MP: 3/3
    55 | D:1      | Reached XP level 2. HP: 16/23 MP: 5/5
   202 | D:1      | Reached skill level 4 in Unarmed Combat
   372 | D:1      | Reached XP level 3. HP: 26/28 MP: 6/6
   593 | D:2      | Noticed Natasha
   608 | D:2      | Killed Natasha
   657 | D:2      | Noticed Natasha
   668 | D:2      | You fall through a shaft!
   672 | D:3      | Reached XP level 4. HP: 11/35 MP: 7/7
   959 | D:3      | Reached skill level 5 in Unarmed Combat
  1708 | D:2      | Killed Natasha
  1708 | D:2      | Reached XP level 5. HP: 33/40 MP: 8/8
  2241 | D:2      | Noticed Natasha
  2252 | D:2      | Killed Natasha
  2252 | D:2      | Reached skill level 6 in Unarmed Combat
  2306 | D:3      | Noticed an orc warrior
  2713 | D:3      | Slain by an orc warrior

Skill      XL: |  1  2  3  4  5 |
---------------+----------------+-----
Unarmed Combat | 4 5 6 |  6.1
Dodging        | 2 |  2.1
Fighting       | |  1.2
Spellcasting   | |  2.0
Transmutations | |  2.0

Action                   |  1- 3 |  4- 6 || total
-------------------------+-------+-------++-------
Melee: Unarmed           |   107 |    97 ||   204
       Tailslap          |    13 |     8 ||    21
       Punch             |     2 |     2 ||     4
       Headbutt          |     1 |       ||     1
 Cast: Beastly Appendage |     1 |     2 ||     3
  Use: Scroll            |     2 |       ||     2
       Potion            |     1 |     2 ||     3
 Stab: Sleeping          |     1 |       ||     1
  Eat: Chunk             |       |     3 ||     3
       Ration            |       |     1 ||     1
Armor: Skin              |    34 |    20 ||    54
Dodge: Dodged            |    74 |    58 ||   132
